 Dungeon Crawl Stone Soup version 0.27.0-1-g7a089689b8 (webtiles) character file.

Game seed: 1654499762322674268

2080 Spaninq the Grappler (level 9, -15/88 HPs)
             Began as a Troll Chaos Knight on Aug 12, 2021.
             Was a Plaything of Xom.
             Demolished by a two-headed ogre (19 damage)
             ... on level 6 of the Dungeon.
             The game lasted 00:12:44 (3728 turns).

Spaninq the Grappler (Troll Chaos Knight)           Turns: 3728, Time: 00:12:46

Health: -15/88     AC: 11    Str: 31    XL:     9   Next: 6%
Magic:  8/8        EV:  9    Int:  6    God:    Xom [......]
Gold:   112        SH:  0    Dex:  7    Spells: 8/8 levels left

rFire    . . .     SeeInvis +     - Unarmed
rCold    . . .     Faith    .   (no shield)
rNeg     . . .     Spirit   .   h - +0 acid dragon scales
rPois    .         Reflect  .   j - +2 hat {SInv}
rElec    .         Harm     .   (no cloak)
rCorr    +         Rampage  .   (gloves unavailable)
Will     .....     Clarity  +   (boots unavailable)
Stlth    +.........             p - amulet of regeneration
HPRegen  2.24/turn              f - +6 ring of strength
MPRegen  0.11/turn              g - +4 ring of protection

@: no status effects
A: large, unfitting armour, claws 3, regeneration 1, shaggy fur 1, tough skin 1,
clarity, clumsy 1, deformed body, dopey 1
a: Renounce Religion


You were on level 6 of the Dungeon.
You worshipped Xom.
You were a very special plaything of Xom.
You visited 2 branches of the dungeon, and saw 7 of its levels.

You collected 265 gold pieces.
You spent 153 gold pieces at shops.

Inventory:

Hand Weapons
 o - a +3 hand axe of draining
Armour
 a - a +0 robe of fire resistance
 c - a +1 kite shield
 h - +0 acid dragon scales (worn)
 j - a +2 hat of see invisible (worn)
Jewellery
 f - a +6 ring of strength (left claw)
 g - a +4 ring of protection (right claw)
 m - a ring of flight
 p - an amulet of regeneration (around neck)
 s - a ring of protection from fire
 u - a ring of protection from fire
Wands
 k - a wand of charming (8)
 n - a wand of mindburst (10)
Scrolls
 e - 2 scrolls of amnesia
 i - 2 scrolls of teleportation
Potions
 b - 2 potions of mutation
 d - 2 potions of heal wounds
 l - 2 potions of curing
 r - 3 potions of magic
 t - a potion of might


   Skills:
 + Level 5.5 Fighting
 - Level 1.9 Dodging
 + Level 4.7 Shields
 * Level 9.0 Unarmed Combat


You had 8 spell levels left.
You didn't know any spells.
Your spell library contained the following spells:

 Spells                   Type           Power      Damage    Failure   Level
 Animate Skeleton         Necr           0%         N/A       52%         1
 Apportation              Tloc           0%         N/A       52%         1
 Corona                   Hex            0%         N/A       52%         1
 Summon Small Mammal      Summ           0%         N/A       52%         1
 Conjure Flame            Conj/Fire      0%         6-21      87%         3
 Ignite Poison            Fire/Tmut/Pois 0%         N/A       87%         3
 Sticky Flame             Conj/Fire      0%         2d3       99%         4
 Borgnjor's Revivificati  Necr           0%         N/A       100%        8
 Necromutation            Tmut/Necr      0%         N/A       100%        8
 Death's Door             Necr           0%         N/A       100%        9


Dungeon Overview and Level Annotations

Branches:
Dungeon (6/15)             Temple (1/1) D:6

Altars:
Ashenzari
Cheibriados
Dithmenos
Elyvilon
Fedhas
Gozag
Hepliaklqana
Kikubaaqudgha
Makhleb
Nemelex Xobeh
Qazlal
Ru
Sif Muna
Trog
Uskayaw
Vehumet
Wu Jian
Xom
Yredelemnul
Zin

Shops:
D:1 (   D:4 *   D:5 [:*

Annotations:
D:6 4 runed translucent doors


Innate Abilities, Weirdness & Mutations

You are too large for most types of armour.
You have claws for hands.
Your natural rate of healing is unusually fast.
You are covered in fur. (AC +1)
You have tough skin. (AC +1)
You possess an exceptional clarity of mind.
You are clumsy. (Dex -2)
Armour fits poorly on your strangely shaped body.
You are dopey. (Int -2)


Message History

The orc warrior is almost dead.
The orc warrior hits you with a +0 scimitar!
There is an open door, spattered with blood here.
The two-headed ogre shouts in stereo!
You mangle the orc warrior!!
You kill the orc warrior!
Your Unarmed Combat skill increases to level 9!
The two-headed ogre hits you with a +0 giant club! x2 "Hum-dee-hum-dee-hum..."
The two-headed ogre flickers and vanishes for a moment. "This might be better!"
The two-headed ogre seems to speed up.
You see here an amulet of faith.
The two-headed ogre hits you with a +0 giant club!!
The two-headed ogre hits you with a +0 giant club!
* * * LOW HITPOINT WARNING * * *
Items here: ( ) [[.
Things that are here:
a +0 robe; a +0 halberd
Okay, then.
As you read the scroll of teleportation, it crumbles to dust.
You feel strangely unstable. The two-headed ogre barely misses you.
The two-headed ogre closely misses you.
Things that are here:
a +0 robe; a +0 scimitar The two-headed ogre hits you with a +0 giant club!!
* * * LOW HITPOINT WARNING * * *
The two-headed ogre hits you with a +0 giant club!
* * * LOW HITPOINT WARNING * * *
Your surroundings seem slightly different.
Xom thinks this is hilarious!
As you read the scroll labelled VAGEIS CEIBE, it crumbles to dust.
It is a scroll of brand weapon.
Your +3 hand axe of freezing craves living souls!
o - a +3 hand axe of draining The two-headed ogre hits you with a +0 giant club!
* * * LOW HITPOINT WARNING * * *
The two-headed ogre hits you with a +0 giant club!!
You die...
Xom is highly amused!

.....## #.# #.........#
....## #.# ####.######
##### #.# #)..# #.#
#####)### #.###..[..#
#.##..##### ####....##
##.....### ##..##@##
###[.###O# ###...## #.#
#...### #[# ####.###
#[# #....# ######(#
###.#### #....."#
######### #...#
#......#######.......#
#.###
#...............####.##


You could see a two-headed ogre (fast, invisible).

Vanquished Creatures
  Grinder (D:6)
  Sigmund (D:3)
  An acid dragon (D:5)
  A sky beast (D:5)
  An ice beast (D:5)
  An orc warrior (D:6)
  A swamp drake (D:6)
  2 ogres
  A kobold brigand (D:6)
  A bullfrog (D:6)
  2 wyvern skeletons (D:6)
  A water moccasin zombie (D:6)
  A water moccasin skeleton (D:5)
  5 wights (D:6)
  A howler monkey (D:5)
  A jelly (D:6)
  2 hounds (D:6)
  A bullfrog skeleton (D:6)
  3 orc priests (D:6)
  3 iguanas
  2 orc wizards
  A hound skeleton (D:4)
  2 hound zombies (D:3)
  3 gnolls (D:4)
  5 adders
  A white imp (D:6)
  2 adder zombies (D:3)
  An adder skeleton (D:3)
  3 worms
  5 orcs
  9 endoplasms
  2 giant cockroaches
  6 goblins
  6 hobgoblins
  4 jackals (D:1)
  A quokka (D:1)
  7 ball pythons
  A ball python skeleton (D:3)
  6 bats
  2 frilled lizards
  A jackal skeleton (D:3)
  9 kobolds
  3 rats
113 creatures vanquished.

Notes
Turn   | Place    | Note
-------+----------+-------------------------------------------
     0 | D:1      | Spaninq the Troll Chaos Knight began the quest for the Orb.
     0 | D:1      | Reached XP level 1. HP: 22/22 MP: 0/0
    61 | D:1      | XOM: silly message
   105 | D:1      | Reached XP level 2. HP: 29/29 MP: 1/1
   143 | D:1      | Found a faded altar of an unknown god.
   431 | D:1      | Reached XP level 3. HP: 36/36 MP: 2/2
   431 | D:1      | Found Uqirolil's Antique Weapon Shoppe.
   693 | D:2      | Reached skill level 1 in Shields
   707 | D:2      | Reached skill level 4 in Unarmed Combat
   866 | D:2      | Reached XP level 4. HP: 28/45 MP: 3/3
   921 | D:2      | XOM: divination: detect creatures
   942 | D:2      | XOM: silly message
   963 | D:2      | XOM: noise
  1111 | D:3      | XOM: stat loss: -1 Str (26/27)
  1252 | D:3      | Noticed Sigmund
  1253 | D:3      | XOM: potion effect (might)
  1265 | D:3      | Killed Sigmund
  1266 | D:3      | Reached skill level 5 in Unarmed Combat
  1266 | D:3      | Reached XP level 5. HP: 32/53 MP: 4/4
  1266 | D:3      | Reached XP level 6. HP: 37/61 MP: 5/5
  1497 | D:3      | XOM: summons 2 hostile demons
  1619 | D:4      | Found Daigg's Assorted Antiques.
  2066 | D:4      | Reached skill level 6 in Unarmed Combat
  2171 | D:5      | Entered Level 5 of the Dungeon
  2226 | D:5      | Found Quluur's General Store.
  2227 | D:5      | Found Wynt's Book Emporium.
  2261 | D:5      | Found an opulent altar of Gozag.
  2283 | D:5      | XOM: enchant monster (good)
  2289 | D:5      | Reached XP level 7. HP: 68/68 MP: 6/6
  2303 | D:5      | XOM: summons 3 hostile demons
  2374 | D:5      | XOM is BORED!
  2374 | D:5      | XOM: give mutations
  2374 | D:5      | Gained mutation: You are clumsy. (Dex -2) [Xom's mischief]
  2374 | D:5      | Gained mutation: You are dopey. (Int -2) [Xom's mischief]
  2374 | D:5      | Gained mutation: You possess an exceptional clarity of
                  | mind. [Xom's mischief]
  2374 | D:5      | Gained mutation: Armour fits poorly on your strangely
                  | shaped body. [Xom's mischief]
  2406 | D:5      | XOM: stat loss: -1 Int (5/6)
  2426 | D:5      | XOM: 4-stop teleportation journey
  2453 | D:5      | Found a stormy altar of Qazlal.
  2472 | D:5      | Found Tacoamot's Armour Shop.
  2600 | D:5      | Reached skill level 7 in Unarmed Combat
  2864 | D:1      | Bought a bloodstained war axe for 153 gold pieces
  2864 | D:1      | Identified the +1 war axe "Rocid" {spect, Dex+3} (You
                  | bought it in a shop on level 1 of the Dungeon)
  2966 | D:6      | Noticed Grinder
  3003 | D:6      | Reached XP level 8. HP: 71/79 MP: 7/7
  3053 | D:6      | Killed Grinder
  3086 | D:6      | Identified a scroll of acquirement
  3086 | D:6      | Acquired a +2 hat of see invisible
  3142 | D:6      | Noticed Prince Ribbit
  3147 | D:6      | Noticed Prince Ribbit
  3147 | D:6      | Prince Ribbit changed into Prince Ribbit the swamp drake
  3147 | D:6      | XOM: polymorph Prince Ribbit -> Prince Ribbit the swamp
                  | drake
  3149 | D:6      | Killed Prince Ribbit the swamp drake
  3208 | D:6      | Reached skill level 5 in Fighting
  3208 | D:6      | Reached skill level 8 in Unarmed Combat
  3236 | D:6      | XOM: divination: magic mapping
  3247 | D:6      | Found a large runed translucent door.
  3249 | D:6      | Found a large runed translucent door.
  3250 | D:6      | Noticed a boulder beetle
  3258 | D:6      | XOM: stat loss: -1 Dex (6/7)
  3300 | D:6      | Found a large runed translucent door.
  3300 | D:6      | Found a large runed translucent door.
  3312 | D:6      | Noticed a two-headed ogre
  3330 | D:6      | XOM: destruction
  3338 | D:6      | XOM: 2-stop teleportation journey
  3499 | D:6      | Found a staircase to the Ecumenical Temple.
  3508 | Temple   | Entered the Ecumenical Temple
  3696 | D:6      | XOM: swap monsters
  3701 | D:6      | Reached XP level 9. HP: 88/88 MP: 8/8
  3711 | D:6      | Reached skill level 9 in Unarmed Combat
  3717 | D:6      | XOM: enchant monster (bad)
  3720 | D:6      | XOM: enchant monster (bad)
  3728 | D:6      | HP: 4/88 [two-headed ogre (9)]
  3728 | D:6      | Demolished by a two-headed ogre

Illustrated notes

Levels and vault maps discovered:
D:1:      heliophobic_arrival_enchanted_forest, layout_rooms,
          ebering_ecumenical_altar_box, serial_shops, shop_statue, minivault_26
D:2:      layout_basic, kennysheep_generic_room_2
D:3:      layout_basic, serial_undead, serial_undead_c, serial_undead_a,
          serial_undead_c, serial_undead_f, uniq_sigmund,
          uniq_crazy_yiuf_cottage
D:4:      layout_loops_cross, serial_shops, shop_statue
D:5:      layout_cave_pools, grunt_gozag_statues, old_standard_altar,
          serial_shops, nicolae_stop_n_shop_2,
          nicolae_shop_competitors_out_of_business, shop
D:6:      layout_rooms, minmay_temple_entry_poolview,
          minmay_hollow_rounded_squares, uniq_grinder, uniq_prince_ribbit1
Temple:   compressed_dpeg_circular_temple

Skill      XL: |  1  2  3  4  5  6  7  8  9 |
---------------+----------------------------+-----
Shields        | 1 2 3 4 |  4.7
Unarmed Combat | 4 5 6 7 8 9 |  9.0
Fighting       | 3 4 5 |  5.5
Dodging        | |  1.9

Action                   |  1- 3 |  4- 6 |  7- 9 || total
-------------------------+-------+-------+-------++-------
Melee: Unarmed           |    71 |     6 |   133 ||   210
       Short sword       |    34 |    99 |    25 ||   158
       Punch             |     1 |     2 |     6 ||     9
  Use: Scroll            |       |    11 |     4 ||    15
 Stab: Paralysed         |       |     5 |       ||     5
       Confused          |       |       |     3 ||     3
Armor: Robe              |    59 |    37 |    33 ||   129
       Acid dragon scale |       |       |    34 ||    34
Dodge: Dodged            |    43 |    56 |    57 ||   156
